Map: Ruins of Seras

Players

Bagain - Winner!

  • Race: Protoss Protoss
  • League: Gold

Aiur

  • Race: Protoss Protoss
  • League: Gold

VOD

Have the link to the VOD?

Description

Time

  • Played on: Feb. 6, 2016, 8:24 a.m.
  • Length: 17:14
Show
View Real Time Build Order
Export as new Build Order

Bagain Protoss - Winner!

Build Orders: Nexus First 

Get SALT Encoding   

  12  0:01  Probe (Chrono Boost)  
  13  0:12  Probe (Chrono Boost)  
  14  0:19  Pylon  
  14  0:23  Probe (Chrono Boost)  
  15  0:37  Probe (Chrono Boost)  
  16  0:47  Probe (Chrono Boost)  
  17  1:02  Nexus  
  17  1:05  Probe (Chrono Boost)  
  18  1:16  Gateway  
  18  1:19  Probe (Chrono Boost)  
  18  1:24  Assimilator  
  19  1:36  Pylon  
  19  1:45  Probe (Chrono Boost)  
  20  1:57  Probe (Chrono Boost), Assimilator  
  21  2:09  Gateway  
  21  2:12  Cybernetics Core  
  21  2:15  Probe (Chrono Boost)  
  22  2:18  Pylon  
  22  2:22  Probe (Chrono Boost)  
  23  2:30  Probe (Chrono Boost)  
  23  2:32  Probe (Chrono Boost)  
  25  2:37  Assimilator  
  25  2:40  Probe (Chrono Boost)  
  27  2:50  Mothership Core (Chrono Boost)  
  27  2:51  Stalker  
  30  2:55  Probe (Chrono Boost)  
  31  2:59  Forge  
  31  3:01  Warp Gate  
  31  3:07  Probe (Chrono Boost)  
  31  3:09  Probe (Chrono Boost)  
  33  3:18  Probe (Chrono Boost)  
  34  3:20  Probe (Chrono Boost)  
  34  3:21  Stalker  
  37  3:31  Pylon, Probe x2 (Chrono Boost)  
  39  3:40  Photon Cannon  
  39  3:45  Stalker  
  39  3:48  Probe x2 (Chrono Boost)  
  43  3:55  Assimilator  
  43  4:04  Gateway  
  43  4:08  Probe x2 (Chrono Boost)  
  45  4:13  Stalker  
  45  4:15  Stalker  
  49  4:20  Probe x2 (Chrono Boost)  
  51  4:27  Robotics Facility  
  51  4:31  Probe x2 (Chrono Boost)  
  53  4:38  Photon Cannon  
  53  4:41  Probe (Chrono Boost)  
  53  4:42  Probe (Chrono Boost)  
  59  4:58  Probe (Chrono Boost)  
  56  5:03  Probe (Chrono Boost)  
  57  5:08  Probe (Chrono Boost)  
  58  5:15  Stalker  
  58  5:16  Stalker  
  58  5:17  Nexus  
  62  5:24  Pylon  
  62  5:29  Pylon  
  62  5:38  Pylon  
  62  5:41  Assimilator  
  62  5:42  Observer, Probe x2 (Chrono Boost)  
  64  5:51  Stalker x2  
  64  5:52  Stalker  
  64  5:55  Probe x2 (Chrono Boost)  
  72  5:58  Stargate  
  72  5:59  Stargate  
  72  6:03  Pylon  
  72  6:07  Probe x2 (Chrono Boost)  
  72  6:10  Immortal  
  78  6:19  Stalker  
  78  6:20  Stalker  
  78  6:21  Sentry  
  84  6:30  Pylon  
  84  6:32  Probe x2 (Chrono Boost)  
  86  6:34  Photon Cannon  
  86  6:35  Probe (Chrono Boost)  
  87  6:42  Probe (Chrono Boost)  
  87  6:45  Probe (Chrono Boost)  
  87  6:46  Probe (Chrono Boost)  
  90  6:48  Stalker x2  
  90  6:50  Stalker  
  96  6:58  Oracle x2  
  103  7:01  Probe x2 (Chrono Boost)  
  103  7:03  Probe (Chrono Boost)  
  105  7:12  Pylon  
  105  7:20  Immortal  
  105  7:21  Protoss Ground Weapons Level 1  
  109  7:27  Probe x3 (Chrono Boost)  
  109  7:28  Forge  
  109  7:29  Stalker x2  
  116  7:31  Sentry  
  118  7:48  Void Ray  
  122  7:54  Stalker  
  124  7:59  Assimilator  
  124  8:02  Pylon  
  124  8:03  Probe (Chrono Boost)  
  124  8:04  Pylon  
  125  8:08  Pylon  
  125  8:20  Void Ray  
  125  8:21  Probe x3 (Chrono Boost)  
  132  8:34  Fleet Beacon  
  132  8:37  Pylon  
  135  8:41  Probe x3 (Chrono Boost)  
  135  8:49  Stargate  
  135  8:51  Stargate  
  135  8:52  Probe (Chrono Boost)  
  136  9:03  Pylon  
  136  9:05  Pylon  
  136  9:08  Pylon  
  136  9:10  Pylon  
  136  9:12  Pylon  
  136  9:23  Tempest (Chrono Boost)  
  144  9:24  Tempest (Chrono Boost)  
  144  9:30  Protoss Ground Armor Level 1  
  144  9:32  Stalker x3  
  150  9:44  Pylon  
  150  9:47  Pylon  
  150  9:50  Pylon  
  150  9:52  Tempest x2 (Chrono Boost)  
  154  10:02  Tempest (Chrono Boost)  
  154  10:03  Stalker x3  
  164  10:15  Tempest (Chrono Boost)  
  167  10:24  Pylon  
  167  10:30  Stalker x3  
  173  10:43  Void Ray (Chrono Boost), Photon Cannon  
  173  10:45  Photon Cannon  
  173  10:47  Photon Cannon  
  173  10:49  Void Ray (Chrono Boost), Photon Cannon  
  181  10:51  Photon Cannon  
  181  11:01  Photon Cannon  
  181  11:03  Stalker x3  
  187  11:05  Protoss Shields Level 1  
  187  11:13  Cybernetics Core  
  187  11:20  Tempest (Chrono Boost)  
  187  11:23  Gateway  
  187  11:24  Gateway  
  188  11:49  Oracle (Chrono Boost)  
  199  11:55  Tempest x2 (Chrono Boost)  
  161  12:23  Stalker x2  
  135  12:36  Phoenix (Chrono Boost)  
  135  12:37  Phoenix (Chrono Boost)  
  135  12:40  Phoenix x2 (Chrono Boost)  
  123  12:58  Phoenix (Chrono Boost)  
  123  13:09  Nexus  
  124  13:20  Phoenix x2 (Chrono Boost)  
  124  13:26  Nexus  
  122  13:40  Stalker x3  
  128  13:43  Void Ray x2 (Chrono Boost)  
  140  13:49  Void Ray (Chrono Boost)  
  134  14:12  Stalker x2  
  134  14:13  Stalker x2  
  134  14:14  Stalker  
  134  14:22  Void Ray (Chrono Boost)  
  134  14:42  Assimilator  
  134  14:47  Stalker, Assimilator  
  134  14:49  Pylon  
  134  14:53  Pylon  
  134  14:57  Pylon  
  134  15:01  Pylon  
  134  15:28  Stalker x3  
  134  15:29  Stalker x2  
  134  15:31  Tempest (Chrono Boost)  
  134  15:35  Tempest (Chrono Boost)  
Show
View Real Time Build Order
Export as new Build Order

Aiur Protoss 

Build Orders:  

Get SALT Encoding   

  12  0:02  Probe (Chrono Boost)  
  13  0:13  Probe (Chrono Boost)  
  14  0:19  Pylon  
  14  0:23  Probe (Chrono Boost)  
  15  0:38  Probe (Chrono Boost)  
  15  0:39  Gateway  
  16  0:48  Probe (Chrono Boost)  
  17  0:52  Assimilator  
  17  0:58  Assimilator  
  17  0:59  Probe (Chrono Boost)  
  18  1:09  Probe (Chrono Boost)  
  18  1:11  Pylon  
  19  1:20  Probe (Chrono Boost)  
  20  1:30  Probe (Chrono Boost)  
  20  1:32  Cybernetics Core  
  21  1:41  Probe (Chrono Boost)  
  22  1:52  Probe (Chrono Boost)  
  23  2:08  Stalker, Warp Gate (Chrono Boost)  
  25  2:09  Mothership Core (Chrono Boost)  
  27  2:26  Pylon  
  27  2:35  Stargate  
  27  2:38  Probe  
  28  2:53  Nexus  
  28  3:00  Probe  
  28  3:03  Stalker  
  31  3:20  Probe  
  31  3:24  Void Ray (Chrono Boost)  
  36  3:32  Probe  
  37  3:42  Robotics Facility  
  37  3:46  Probe (Chrono Boost)  
  38  3:57  Probe (Chrono Boost)  
  38  4:00  Stargate  
  38  4:01  Pylon  
  39  4:07  Probe (Chrono Boost)  
  40  4:11  Probe (Chrono Boost)  
  41  4:18  Probe (Chrono Boost)  
  41  4:22  Probe (Chrono Boost)  
  43  4:26  Pylon  
  43  4:30  Observer  
  44  4:34  Void Ray  
  44  4:36  Probe (Chrono Boost)  
  44  4:37  Probe (Chrono Boost)  
  50  4:42  Assimilator  
  50  4:47  Probe (Chrono Boost)  
  50  4:48  Probe (Chrono Boost)  
  52  4:59  Probe x2 (Chrono Boost)  
  54  5:03  Assimilator  
  54  5:05  Void Ray  
  58  5:10  Probe x2 (Chrono Boost)  
  60  5:17  Pylon  
  60  5:20  Probe x2 (Chrono Boost)  
  61  5:29  Void Ray  
  61  5:31  Probe (Chrono Boost)  
  61  5:32  Probe (Chrono Boost)  
  67  5:39  Pylon  
  67  5:42  Probe x2 (Chrono Boost)  
  69  5:48  Void Ray  
  73  5:59  Gateway  
  73  6:10  Nexus  
  73  6:17  Void Ray  
  77  6:20  Protoss Air Weapons Level 1 (Chrono Boost)  
  77  6:26  Fleet Beacon  
  77  6:31  Pylon  
  77  6:38  Void Ray  
  81  6:41  Probe (Chrono Boost)  
  82  6:51  Stalker  
  84  6:59  Pylon  
  84  7:00  Gateway  
  84  7:02  Void Ray  
  88  7:13  Cybernetics Core  
  88  7:21  Void Ray  
  92  7:32  Observer  
  92  7:38  Gateway  
  92  7:39  Gateway  
  92  7:41  Gateway  
  92  7:53  Assimilator  
  92  7:55  Assimilator  
  92  8:00  Void Ray  
  92  8:04  Void Ray  
  100  8:08  Pylon  
  100  8:14  Protoss Air Armor Level 1 (Chrono Boost), Forge  
  100  8:26  Probe  
  96  8:37  Probe  
  96  8:38  Twilight Council  
  96  8:39  Pylon  
  97  8:44  Stargate  
  97  8:52  Probe  
  97  8:55  Stalker x3  
  102  8:56  Stalker x3  
  110  9:03  Void Ray  
  110  9:07  Void Ray  
  118  9:19  Stalker x2  
  122  9:35  Pylon  
  122  9:36  Protoss Shields Level 1  
  122  9:37  Protoss Air Weapons Level 2 (Chrono Boost)  
  122  10:03  Void Ray x2  
  122  10:06  Protoss Air Armor Level 2 (Chrono Boost)  
  130  10:22  Probe  
  130  10:25  Stalker x4  
  130  10:28  Pylon  
  139  10:33  Probe  
  140  10:46  Blink  
  140  11:04  Probe  
  140  11:10  Gateway  
  141  11:13  Templar Archives  
  141  11:15  Gateway, Probe  
  142  11:19  Probe  
  143  11:31  Tempest  
  147  11:34  Nexus  
  147  11:37  Pylon  
  147  11:48  Psionic Storm  
  147  11:49  Pylon  
  147  11:52  High Templar  
  149  12:04  Probe  
  150  12:10  Protoss Shields Level 2  
  150  12:11  Protoss Air Weapons Level 3 (Chrono Boost), Protoss Air Armor Level 3 (Chrono Boost)  
  126  12:23  Stalker x2  
  126  12:24  Stalker  
  69  12:52  High Templar  
  69  12:53  High Templar x3  
  69  13:02  Void Ray  
  69  13:16  Stalker  
  69  13:17  Stalker x3  
  55  13:36  Void Ray x2  
  55  13:39  Zealot x4  
  55  13:40  Zealot  
  73  13:45  Void Ray  
Tags
 
League
GoldGold
Matchup
PvP
Replay Pack
rep
Add a new tag
Caveats
  • Supply blocks, unpowered buildings, or Contaminate may cause inaccurate times.
  • Supply counts are checked every 10 seconds.